NWL (28 & UNDER)
MOOSE JAW GHOSTBUSTERS @ BALZAC RAMS
08/20/2029
 
TOP OF THE 1ST
Moose Jaw Ghostbusters batting - Pitching for Balzac Rams : RHP John Wells
Pitching: RHP John Wells
Batting: SHB Michael Miller 0-0: Called Strike
0-1: Ball
1-1: Foul Ball, location: 2F
1-2: Ground out 4-3 (Groundball, 4M)
Batting: LHB John Stone 0-0: Ball
1-0: Foul Ball, location: 2F
1-1: Foul Ball, location: 2F
1-2: Ball
2-2: Foul Ball, location: 2F
2-2: Ball
3-2: Foul Ball, location: 2F
3-2: Foul Ball, location: 2F
3-2: Ground out 5-3 (Groundball, 56)
Batting: RHB Billy Mullins 0-0: Called Strike
0-1: Called Strike
0-2: Foul Ball, location: 2F
0-2: Strikes out swinging
Top of the 1st over - 0 runs, 0 hits, 0 errors, 0 left on base; Moose Jaw 0 - Balzac 0
BOTTOM OF THE 1ST
Balzac Rams batting - Pitching for Moose Jaw Ghostbusters : RHP Lewis Sweeney
Pitching: RHP Lewis Sweeney
Batting: LHB Ryan Rheaume 0-0: Reached on error, E3 (Groundball, 34)
Batting: LHB Troy Jackson 0-0: Ball
1-0: Ball
2-0: Called Strike
2-1: Foul Ball, location: 2F
2-2: Strikes out looking
Ryan Rheaume is caught stealing 2nd base
Batter strikes out.
Pitching: LHP Javier Galeas
Batting: RHB Santiago Rivera 0-0: Ball
1-0: DOUBLE (Line Drive, 7LD)
Batting: RHB Gunner Allen 0-0: Ball
1-0: Swinging Strike
1-1: Ball
2-1: DOUBLE (Line Drive, 78XD)
Santiago Rivera scores
Batting: RHB Jim Martin 0-0: Ball
1-0: Foul Ball, location: 2F
1-1: Called Strike
1-2: Ball
2-2: Strikes out swinging
Bottom of the 1st over - 1 run, 2 hits, 1 error, 1 left on base; Moose Jaw 0 - Balzac 1
TOP OF THE 2ND
Moose Jaw Ghostbusters batting - Pitching for Balzac Rams : RHP John Wells
Batting: SHB Rafael Acosta 0-0: Ball
1-0: Fly out, F8 (Flyball, 8LXD)
Batting: LHB Jon Scott 0-0: Ball
1-0: Called Strike
1-1: Ball
2-1: Foul Ball, location: 2F
2-2: Strikes out looking
Batting: LHB Jon Rogers 0-0: Swinging Strike
0-1: Ground out 4-3 (Groundball, 4)
Top of the 2nd over - 0 runs, 0 hits, 0 errors, 0 left on base; Moose Jaw 0 - Balzac 1
BOTTOM OF THE 2ND
Balzac Rams batting - Pitching for Moose Jaw Ghostbusters : LHP Javier Galeas
Batting: SHB Emílio Calvillo 0-0: Ball
1-0: Called Strike
1-1: Called Strike
1-2: Strikes out looking
Batting: RHB Lorenzo Silva 0-0: Ball
1-0: Ball
2-0: Ball
3-0: Called Strike
3-1: Called Strike
3-2: Fly out, F3 (Line Drive, 34)
Batting: RHB Jason Ward 0-0: Ball
1-0: Foul Ball, location: 2F
1-1: Ball
2-1: Fly out, F8 (Flyball, 8LS)
Bottom of the 2nd over - 0 runs, 0 hits, 0 errors, 0 left on base; Moose Jaw 0 - Balzac 1
TOP OF THE 3RD
Moose Jaw Ghostbusters batting - Pitching for Balzac Rams : RHP John Wells
Batting: LHB Tony Beck 0-0: Called Strike
0-1: Ball
1-1: Ball
2-1: Foul Ball, location: 2F
2-2: Foul Ball, location: 2F
2-2: Ground out 4-3 (Groundball, 4)
Batting: RHB Johnny MacNamara 0-0: Swinging Strike
0-1: Ground out U3 (Groundball, 3)
Batting: SHB Martín Cruz 0-0: Called Strike
0-1: Ball
1-1: Swinging Strike
1-2: Strikes out swinging
Top of the 3rd over - 0 runs, 0 hits, 0 errors, 0 left on base; Moose Jaw 0 - Balzac 1
BOTTOM OF THE 3RD
Balzac Rams batting - Pitching for Moose Jaw Ghostbusters : LHP Javier Galeas
Batting: RHB Gerald Arnold 0-0: Ball
1-0: Called Strike
1-1: Ball
2-1: SINGLE (Line Drive, 34D)
Batting: LHB Ryan Rheaume 0-0: Ball
1-0: Swinging Strike
1-1: Ball
2-1: SINGLE (Line Drive, 8LS)
Gerald Arnold to second
Batting: LHB Troy Jackson 0-0: Ball
1-0: Called Strike
1-1: Called Strike
1-2: Foul Ball, location: 2F
1-2: Fielders Choice at 2nd, 5-4 (Groundball, 5)
Gerald Arnold to third
Batting: RHB Santiago Rivera 0-0: Fly out, F7 (Flyball, 7S)
Batting: RHB Gunner Allen 0-0: Foul Ball, location: 2F
0-1: Called Strike
0-2: TRIPLE (Line Drive, 89XD)
Gerald Arnold scores
Troy Jackson scores
Batting: RHB Jim Martin 0-0: Foul Ball, location: 2F
0-1: Ball
1-1: Foul Ball, location: 2F
1-2: Ground out 5-3 (Groundball, 5)
Bottom of the 3rd over - 2 runs, 3 hits, 0 errors, 1 left on base; Moose Jaw 0 - Balzac 3
TOP OF THE 4TH
Moose Jaw Ghostbusters batting - Pitching for Balzac Rams : RHP John Wells
Batting: SHB Michael Miller 0-0: Swinging Strike
0-1: SINGLE (Groundball, 4D)
Batting: LHB John Stone 0-0: Ball
1-0: Ball
2-0: Ball
3-0: Called Strike
3-1: Called Strike
3-2: Fly out, F7 (Line Drive, 7)
Batting: RHB Billy Mullins 0-0: Foul Ball, location: 2F
0-1: Ball
Michael Miller steals 2nd base
1-1: Fly out, F7 (Line Drive, 78D)
Batting: SHB Rafael Acosta 0-0: Ball
1-0: Called Strike
1-1: Ball
2-1: Ball
3-1: Base on Balls
Batting: LHB Jon Scott 0-0: Fly out, F8 (Flyball, 8RM)
Top of the 4th over - 0 runs, 1 hit, 0 errors, 2 left on base; Moose Jaw 0 - Balzac 3
BOTTOM OF THE 4TH
Balzac Rams batting - Pitching for Moose Jaw Ghostbusters : LHP Javier Galeas
Batting: SHB Emílio Calvillo 0-0: SINGLE (Line Drive, 6D)
Batting: RHB Lorenzo Silva 0-0: Ball
1-0: Called Strike
1-1: Swinging Strike
1-2: Fly out, F8 (Flyball, 8LS)
Batting: RHB Jason Ward 0-0: SINGLE (Line Drive, 4D)
Emílio Calvillo to second
Runner from 2nd tries for 3rd, SAFE, throw made to third
Batting: RHB Gerald Arnold 0-0: Called Strike
Jason Ward is caught stealing 2nd base
0-1: Ball
1-1: Ground out 6-3 (Groundball, 6M)
Bottom of the 4th over - 0 runs, 2 hits, 0 errors, 1 left on base; Moose Jaw 0 - Balzac 3
TOP OF THE 5TH
Moose Jaw Ghostbusters batting - Pitching for Balzac Rams : RHP John Wells
Batting: LHB Jon Rogers 0-0: Called Strike
0-1: Foul Ball, location: 2F
0-2: Foul Ball, location: 2F
0-2: Ball
1-2: Foul Ball, location: 2F
1-2: Ball
2-2: Foul Ball, location: 2F
2-2: Ball
3-2: Base on Balls
Batting: LHB Tony Beck 0-0: Ball
Passed Ball!
Jon Rogers to second
1-0: Fly out, F9 (Line Drive, 9D)
Runner from 2nd tags up, SAFE at 3rd, no throw
Batting: RHB Johnny MacNamara 0-0: Called Strike
0-1: Ball
1-1: Ball
2-1: Foul Ball, location: 2F
2-2: Strikes out swinging
Batting: SHB Martín Cruz 0-0: Ball
1-0: Called Strike
1-1: Ground out U3 (Groundball, 3)
Top of the 5th over - 0 runs, 0 hits, 0 errors, 1 left on base; Moose Jaw 0 - Balzac 3
BOTTOM OF THE 5TH
Balzac Rams batting - Pitching for Moose Jaw Ghostbusters : LHP Javier Galeas
Batting: LHB Ryan Rheaume 0-0: Ball
1-0: Swinging Strike
1-1: Called Strike
1-2: Ground out 4-3 (Groundball, 4MS)
Batting: LHB Troy Jackson 0-0: Called Strike
0-1: Fly out, F8 (Flyball, 8RD)
Batting: RHB Santiago Rivera 0-0: Ball
1-0: SINGLE (Line Drive, 7S)
Batting: RHB Gunner Allen 0-0: Called Strike
0-1: Called Strike
0-2: SINGLE (Groundball, 4MD)
Santiago Rivera to second
Pitching: RHP A.J. Wellman
Batting: RHB Jim Martin 0-0: Ball
1-0: Ball
2-0: Foul Ball, location: 2F
2-1: Foul Ball, location: 2F
2-2: Strikes out swinging
Bottom of the 5th over - 0 runs, 2 hits, 0 errors, 2 left on base; Moose Jaw 0 - Balzac 3
TOP OF THE 6TH
Moose Jaw Ghostbusters batting - Pitching for Balzac Rams : RHP John Wells
Batting: SHB Michael Miller 0-0: Fly out, F8 (Flyball, 78D)
Batting: LHB John Stone 0-0: Called Strike
0-1: Ball
1-1: Ball
2-1: Ball
3-1: Foul Ball, location: 2F
3-2: SINGLE (Line Drive, 6D)
Batting: RHB Billy Mullins 0-0: Fly out, F9 (Flyball, 9LS)
Batting: SHB Rafael Acosta 0-0: Ball
John Stone steals 2nd base
1-0: Ball
2-0: SINGLE (Line Drive, 56)
John Stone to third
Runner from 3rd tries for Home, SAFE, no throw
Batting: LHB Jon Scott 0-0: Called Strike
0-1: Ball
Rafael Acosta steals 2nd base
1-1: Foul Ball, location: 2F
1-2: Foul Ball, location: 2F
1-2: Foul Ball, location: 2F
1-2: Ball
2-2: SINGLE (Groundball, 34D)
Rafael Acosta to third
Runner from 3rd tries for Home, SAFE, no throw
Pitching: RHP Richard Manley
Batting: LHB Jon Rogers 0-0: Ball
1-0: SINGLE (Groundball, 34D)
Jon Scott to second
Runner from 2nd tries for 3rd, SAFE, throw made to third
Batting: LHB Tony Beck 0-0: Ball
1-0: Called Strike
1-1: Called Strike
Jon Rogers steals 2nd base
1-2: Ball
2-2: Ball
3-2: Base on Balls
Batting: RHB Johnny MacNamara 0-0: Foul Ball, location: 2F
0-1: Ball
1-1: Fly out, F8 (Flyball, 8RD)
Top of the 6th over - 2 runs, 4 hits, 0 errors, 3 left on base; Moose Jaw 2 - Balzac 3
BOTTOM OF THE 6TH
Balzac Rams batting - Pitching for Moose Jaw Ghostbusters : RHP A.J. Wellman
Batting: SHB Emílio Calvillo 0-0: Swinging Strike
0-1: Ball
1-1: Ball
2-1: Ground out 5-3 (Groundball, 56S)
Batting: RHB Lorenzo Silva 0-0: Ball
1-0: Ball
2-0: Ball
3-0: Swinging Strike
3-1: Base on Balls
Batting: RHB Jason Ward 0-0: Called Strike
0-1: Called Strike
Lorenzo Silva steals 2nd base
0-2: Ground out 1-3 (Groundball, P)
Lorenzo Silva to third
Batting: RHB Gerald Arnold 0-0: Called Strike
0-1: Ball
1-1: Foul Ball, location: 2F
1-2: Strikes out swinging
Bottom of the 6th over - 0 runs, 0 hits, 0 errors, 1 left on base; Moose Jaw 2 - Balzac 3
TOP OF THE 7TH
Moose Jaw Ghostbusters batting - Pitching for Balzac Rams : RHP Richard Manley
Batting: SHB Martín Cruz 0-0: Ball
1-0: Ball
2-0: Ball
3-0: Base on Balls
Batting: SHB Michael Miller 0-0: Bunted foul
0-1: Ball
1-1: Bunted foul
1-2: Foul Ball, location: 2F
1-2: Fielders Choice at 2nd, 6-4 (Groundball, 56)
Batting: LHB John Stone 0-0: Ball
1-0: Ball
2-0: Ball
3-0: Called Strike
3-1: Foul Ball, location: 2F
3-2: Ground out 4-3 (Groundball, 4S)
Michael Miller to second
Batting: RHB Billy Mullins 0-0: Called Strike
0-1: Ball
1-1: Foul Ball, location: 2F
1-2: Ball
2-2: SINGLE (Line Drive, 4M)
Michael Miller to third
Runner from 3rd tries for Home, SAFE, no throw
Batting: SHB Rafael Acosta Pickoff Throw to First - Out!
Top of the 7th over - 1 run, 1 hit, 0 errors, 0 left on base; Moose Jaw 3 - Balzac 3
BOTTOM OF THE 7TH
Balzac Rams batting - Pitching for Moose Jaw Ghostbusters : RHP A.J. Wellman
Batting: LHB Ryan Rheaume 0-0: Called Strike
0-1: Ball
1-1: Swinging Strike
1-2: Foul Ball, location: 2F
1-2: Strikes out swinging
Batting: LHB Troy Jackson 0-0: Ball
1-0: Called Strike
1-1: Fly out, F9 (Flyball, 9LM)
Batting: RHB Santiago Rivera 0-0: Called Strike
0-1: Ball
1-1: Ground out 6-3 (Groundball, 6)
Bottom of the 7th over - 0 runs, 0 hits, 0 errors, 0 left on base; Moose Jaw 3 - Balzac 3
TOP OF THE 8TH
Moose Jaw Ghostbusters batting - Pitching for Balzac Rams : RHP Richard Manley
Batting: SHB Rafael Acosta 0-0: Ball
1-0: Fly out, F5 (Line Drive, 56)
Batting: LHB Jon Scott 0-0: Fly out, F7 (Flyball, 7S)
Batting: LHB Jon Rogers 0-0: Swinging Strike
0-1: Ball
1-1: Ball
2-1: Called Strike
2-2: Strikes out swinging
Top of the 8th over - 0 runs, 0 hits, 0 errors, 0 left on base; Moose Jaw 3 - Balzac 3
BOTTOM OF THE 8TH
Balzac Rams batting - Pitching for Moose Jaw Ghostbusters : RHP A.J. Wellman
Batting: RHB Gunner Allen 0-0: Ball
1-0: Swinging Strike
1-1: Foul Ball, location: 2F
1-2: Foul Ball, location: 2F
1-2: Ball
2-2: Strikes out swinging
Pitching: RHP José Orozco
Batting: RHB Jim Martin 0-0: Called Strike
0-1: Ball
1-1: Reached on error, E8 (Flyball, 8LXD)
Batting: SHB Emílio Calvillo 0-0: Ball
1-0: Called Strike
1-1: Ball
2-1: Swinging Strike
2-2: Ball
3-2: Base on Balls
Batting: RHB Lorenzo Silva 0-0: Ball
1-0: Ball
2-0: Swinging Strike
2-1: Ball
3-1: Base on Balls
Jim Martin to third
Emílio Calvillo to second
Batting: RHB Jason Ward 0-0: Ball
1-0: Ball
2-0: Foul Ball, location: 2F
2-1: SINGLE (Groundball, 4MD)
Jim Martin scores
Emílio Calvillo to third
Lorenzo Silva to second
Runner from 3rd tries for Home, SAFE, no throw
Pinch Hitting: RHB Tommy Wilson 0-0: Grounds into double play, 3-6-1 (Groundball, 3)
Bottom of the 8th over - 2 runs, 1 hit, 1 error, 1 left on base; Moose Jaw 3 - Balzac 5
TOP OF THE 9TH
Moose Jaw Ghostbusters batting - Pitching for Balzac Rams : RHP Richard Manley
Pitching: LHP Martin Balsano
Now in RF: Carlos Romero
Batting: LHB Tony Beck 0-0: Called Strike
0-1: Ground out 3-1 (Groundball, 34S)
Batting: RHB Johnny MacNamara 0-0: Called Strike
0-1: SINGLE (Groundball, 56D)
Batting: SHB Martín Cruz 0-0: Ball
1-0: Called Strike
1-1: Called Strike
1-2: Ball
2-2: Foul Ball, location: 2F
2-2: Fly out, F9 (Flyball, 9)
Batting: SHB Michael Miller 0-0: Ground out 5-3 (Groundball, 56)
Top of the 9th over - 0 runs, 1 hit, 0 errors, 1 left on base; Moose Jaw 3 - Balzac 5
Saturday, December 16th, 2017 - OOTP Baseball 18.8 Build 76